Zazza, neutral female human Tourist --------- |.......| -------------- #........| |.....[......| #|.......| |............| #|..)....| # #### -.-----.---|-- #|..>.....# ---------+----- ## # ## #---------# #..............| # # # ### # ###|.............| ### # ### # # # |.............-## --------- # # # # # ### |.............| ` |......)| #### ### # # # ----------.---- ### |.......| ## # # # ### # # |!......| ### ############## # ##########-.......| ## # #--.-- ### |.......| ### -------# #|...| # --------- --.-|--- |.....-# #|..<| ### |......+####|.....| #|._I| # |......| #......| #....-## -------- ------- ----- # # Zazza the Rambler Experience level: 2 Strength: 13 Dexterity: 16 Constitution: 14 Intelligence: 12 Wisdom: 7 Charisma: 18 Health: 0(20) Energy: 4(4) Def: 6 Gold: 1482 Moves: 2499 Dungeon seed: -t1YITYYdG2EkGmT Game ID: Zazza_1601623484 Your Inventory: Coins $ - 1482 gold pieces Amulets C - an uncursed amulet of ESP (being worn) Weapons a - 22 +2 darts B - a +0 elven dagger V - a blessed +2 orcish dagger (weapon in hand) Armor e - an uncursed +0 Hawaiian shirt (being worn) n - an uncursed +0 orcish helm (being worn) N - an uncursed +0 elven mithril-coat (being worn) Comestibles b - 3 uncursed tripe rations c - 5 uncursed food rations d - an uncursed sprig of wolfsbane f - an uncursed pear i - an uncursed pear E - an uncursed partly eaten food ration I - 2 uncursed food rations Scrolls g - a cursed scroll of teleportation k - 2 uncursed scrolls of magic mapping y - an uncursed scroll of destroy armor J - a blessed scroll of destroy armor L - an uncursed scroll of identify O - a cursed scroll of earth W - an uncursed scroll of create monster Spellbooks o - an uncursed spellbook of fireball s - a blessed spellbook of detect monsters w - an uncursed spellbook of sleep Potions h - 2 uncursed potions of extra healing j - 2 uncursed potions of extra healing p - an uncursed potion of water t - an uncursed potion of hallucination v - a cursed potion of invisibility z - an uncursed potion of see invisible F - an uncursed potion of gain energy R - an uncursed potion of water T - a blessed potion of see invisible Z - an uncursed potion of booze Rings G - an uncursed ring of cold resistance P - an uncursed +1 ring of gain strength Wands u - a wand of make invisible (0:4) A - a wand of polymorph (0:3) K - a wand of cold (0:2) Tools l - an expensive camera (0:64) m - an uncursed credit card D - a +0 pick-axe Gems q - an uncursed fluorite stone r - an uncursed worthless piece of yellowish brown glass Spells and supernatural/magical abilities: Name Level Category Fail Memory f - fireball 4 attack 100% 88% n - detect monsters 1 divination 100% 89% W - pray for help -- divine ? -- Your skills at the end: Fighting Skills Weapon Skills dart [Basic] Spellcasting Skills Final Attributes: You were fervently aligned. You were telepathic. You were lucky. You are dead. Vanquished creatures: a floating eye a kobold lord an iguana 4 coyotes a hobbit a large kobold 6 giant rats 6 cave spiders a brown mold a green mold a red mold 2 geckos 3 jackals a kobold 2 goblins 2 sewer rats 5 grid bugs a lichen 3 kobold zombies 5 newts 48 creatures vanquished. Voluntary challenges: You were vegetarian. You had followed a strict vegan diet until turn 1860. You used a wielded weapon 8 times, starting on turn 1501. You read items or engraved 23 times, starting on turn 35. You never genocided any monsters. You never polymorphed an object. You never changed form. You used no wishes. You never split a pudding. You wrote Elbereth's name 4 times, starting on turn 578. You never violated your personal moral code. Dungeon overview: The Dungeons of Doom: levels 1 to 5 Level 1 a fountain a long staircase Level 2 a scroll shop Level 3 Level 4 a fountain stairs to The Gnomish Mines Level 5 <- You were here a general store, an altar to Blind Io The Gnomish Mines: Level 5 stairs to The Dungeons of Doom History has recorded: On T:1 you entered the Dungeons of Doom to retrieve the Amulet of Yendor! On T:242 you reached level 2 of The Dungeons of Doom. On T:555 you reached level 3 of The Dungeons of Doom. On T:927 you reached level 4 of The Dungeons of Doom. On T:1095 you reached level 1 of The Gnomish Mines. On T:1396 you reached level 5 of The Dungeons of Doom. On T:2428 you advanced to experience level 2. Score breakdown: Gold: 584 ( 9412 points) Experience: 2 levels ( 5570 points) Exploration: 5 levels ( 10.20%) ( 8660 points) Discoveries: 10 items ( 3.36%) ( 5495 points) Valuables value: (no points given unless you survive) Artifact value: 0 ( 0 points) Variety of kills: 20 monsters ( 5.25%) ( 6873 points) Turncount: 2499 turns ( -330 points) Survival: died (score multiplied by 80%) Total score: 28544 Latest messages: The cave spider bites! The cave spider misses. The cave spider bites! You hear the chime of a cash register. You hit the cave spider. The cave spider bites! Armand misses the cave spider. You hit the cave spider. The cave spider misses. Armand misses the cave spider. Armand bites the cave spider. The cave spider is killed! Armand eats a cave spider corpse. You displace Armand. The coyote misses. The coyote bites! You miss the coyote. The coyote bites! Armand bites the coyote. The coyote is killed! The hobgoblin hurls a black potion! The flask crashes on your head and breaks into shards. You feel rather tired. It hits! (2x) You die... Final status: Aloha Zazza the Tourist, killed by a hobgoblin, while sleeping off potion vapours... You died in The Dungeons of Doom on dungeon level 5 with 28544 points, and 1482 pieces of gold, after 2499 moves. You were level 2 with a maximum of 20 hit points when you died.